Map: Ruins of Endion

Players

Pokebunny - Winner!

  • Race: Terran Terran
  • League: Grandmaster

Seventheaven

  • Race: Terran Terran
  • League: Master

VOD

Have the link to the VOD?

Description

Time

  • Played on: April 5, 2016, 8:05 p.m.
  • Length: 12:57
Show
View Real Time Build Order
Export as new Build Order

Pokebunny Terran - Winner!

Build Orders: Reaper Expand, Bio Tank 

Get SALT Encoding   

  12  0:00  SCV  
  13  0:13  SCV  
  14  0:18  Supply Depot  
  14  0:25  SCV  
  15  0:40  SCV  
  15  0:41  Barracks  
  16  0:44  Refinery  
  16  0:52  SCV  
  17  1:04  SCV  
  18  1:16  SCV  
  19  1:28  Reaper, Orbital Command  
  20  1:41  Command Center  
  20  1:48  Supply Depot  
  20  1:54  SCV  
  21  2:00  Marine  
  22  2:06  SCV  
  23  2:13  Factory  
  23  2:16  Refinery  
  23  2:18  Marine, SCV  
  25  2:31  SCV  
  25  2:36  Marine  
  27  2:43  SCV  
  28  2:55  Marine  
  28  2:57  Hellion  
  28  2:58  Starport  
  31  2:59  Orbital Command, SCV  
  31  3:14  Marine  
  31  3:17  SCV  
  31  3:19  Widow Mine  
  33  3:25  SCV  
  36  3:29  SCV  
  36  3:30  Supply Depot  
  37  3:34  Barracks Tech Lab, Medivac  
  37  3:38  SCV  
  40  3:41  SCV  
  40  3:43  Barracks  
  40  3:45  Barracks  
  41  3:53  Marine  
  41  3:54  Factory Tech Lab, Stimpack  
  42  3:56  SCV x2  
  44  4:06  Viking  
  44  4:08  SCV x2  
  48  4:11  Supply Depot  
  48  4:14  Siege Tank  
  51  4:23  Marine  
  52  4:29  Engineering Bay, Supply Depot, SCV x2  
  54  4:44  Marine  
  42  4:46  Siege Tank  
  41  4:54  SCV x2  
  41  4:59  Barracks Reactor  
  43  5:00  Marine  
  43  5:03  Refinery  
  43  5:06  SCV x2  
  47  5:11  Barracks Reactor  
  46  5:18  SCV  
  46  5:19  SCV  
  48  5:22  Marine  
  48  5:24  Starport Reactor  
  49  5:30  SCV  
  49  5:31  SCV  
  49  5:32  Command Center  
  51  5:47  Supply Depot  
  51  5:56  Combat Shields, Marine x5  
  55  5:57  Siege Tank  
  55  5:58  SCV x2  
  60  6:05  Refinery  
  60  6:06  Terran Infantry Weapons Level 1  
  60  6:10  SCV x2  
  62  6:17  Marine x2  
  62  6:18  Marine x3  
  66  6:19  Medivac  
  66  6:23  SCV  
  66  6:25  SCV  
  71  6:35  SCV  
  71  6:37  SCV  
  73  6:42  Marine x3  
  73  6:43  Marine x2  
  78  6:48  Medivac  
  78  6:53  Siege Tank  
  83  6:58  SCV  
  83  6:59  SCV  
  83  7:00  Supply Depot  
  85  7:04  Orbital Command  
  85  7:10  Marine x2  
  85  7:18  Marine  
  85  7:19  Marine x2  
  88  7:25  Supply Depot  
  88  7:28  Marine x2  
  90  7:36  Marine x2  
  89  7:43  Marine  
  86  7:45  Marine  
  86  7:46  Marine, Medivac x2  
  86  7:48  Orbital Command  
  86  7:50  SCV x2  
  92  7:54  Marine  
  93  8:02  SCV x2  
  95  8:10  Marine x2  
  95  8:11  Supply Depot, Marine  
  98  8:14  SCV x2  
  98  8:17  Barracks x2  
  98  8:19  Siege Tank, Marine x2  
  105  8:27  SCV x3  
  105  8:28  Marine  
  105  8:30  Supply Depot  
  105  8:33  Terran Infantry Armor Level 1  
  105  8:34  Supply Depot  
  108  8:55  Marine x5  
  109  8:59  Siege Tank  
  109  9:02  Medivac x2  
  117  9:11  SCV  
  117  9:12  SCV  
  115  9:17  SCV  
  115  9:21  Armory  
  115  9:22  Engineering Bay  
  115  9:23  SCV  
  115  9:24  SCV  
  111  9:39  Barracks Reactor x2, Marine x4  
  111  9:40  Marine  
  111  9:42  Supply Depot  
  111  9:43  Supply Depot  
  111  9:44  Siege Tank, Medivac x2  
  123  9:54  Supply Depot  
  123  9:56  Supply Depot x2, SCV x3  
  123  9:59  Refinery  
  126  10:04  Marine x2  
  126  10:05  Marine x3  
  131  10:14  Viking x2  
  131  10:16  Siege Tank  
  137  10:41  Marine  
  137  10:42  Marine x3  
  138  10:52  Marine  
  138  10:53  Marine x2  
  141  10:57  Siege Tank, Marine  
  145  11:06  SCV  
  145  11:07  SCV  
  147  11:13  Marine x2  
  147  11:14  Marine x4  
  153  11:19  Supply Depot  
  153  11:20  Supply Depot  
  153  11:25  Marine x2  
  153  11:29  Siege Tank  
  153  11:30  Marine  
  153  11:31  Marine  
  160  11:35  Supply Depot x2  
  160  11:39  Refinery  
  160  11:41  Command Center  
  160  11:42  Marine  
  160  11:43  Marine x3  
  164  11:56  Marine x4  
  164  11:57  Marine  
  164  12:00  Marine  
  169  12:01  Siege Tank  
  161  12:29  Marine x9  
  171  12:41  Barracks x3, Factory  
Show
View Real Time Build Order
Export as new Build Order

Seventheaven Terran 

Build Orders:  

Get SALT Encoding   

  12  0:00  SCV  
  13  0:12  SCV  
  14  0:18  Supply Depot  
  14  0:25  SCV  
  15  0:39  SCV  
  15  0:40  Barracks  
  16  0:44  Refinery  
  16  0:51  SCV  
  17  0:59  Refinery  
  17  1:03  SCV  
  18  1:15  SCV  
  19  1:30  Orbital Command, Reaper  
  20  1:39  Supply Depot  
  20  1:46  Factory  
  20  1:55  SCV  
  21  2:01  Marine  
  21  2:08  SCV  
  22  2:20  Marine, SCV  
  24  2:31  Factory Tech Lab, Starport  
  24  2:32  SCV  
  25  2:40  Barracks Reactor  
  25  2:44  Supply Depot, SCV  
  26  2:52  Siege Tank  
  26  2:56  SCV  
  30  3:08  SCV  
  30  3:11  Medivac  
  32  3:16  Marine x2  
  32  3:17  Supply Depot  
  34  3:20  SCV  
  35  3:33  SCV  
  36  3:34  Marine x2  
  38  3:41  Supply Depot, Medivac  
  38  3:42  Siege Tank  
  38  3:45  SCV  
  44  3:55  Marine x2  
  46  3:57  SCV  
  47  4:14  Command Center  
  47  4:18  Marine  
  47  4:19  Marine  
  47  4:20  Viking  
  47  4:23  Siege Tank  
  54  4:29  Supply Depot  
  54  4:31  SCV  
  38  4:54  Marine x2  
  38  4:55  Medivac  
  38  4:59  SCV  
  42  5:03  Barracks x2  
  42  5:05  Engineering Bay  
  42  5:08  Siege Tank  
  45  5:16  Marine x2  
  45  5:20  SCV  
  48  5:27  Starport Reactor  
  48  5:31  Terran Infantry Weapons Level 1  
  48  5:33  SCV  
  49  5:38  Marine  
  49  5:39  Marine  
  50  5:43  Refinery  
  50  5:45  Refinery  
  47  5:55  Siege Tank  
  50  5:57  Orbital Command  
  50  5:59  SCV  
  50  6:02  Barracks Tech Lab  
  50  6:03  Marine x2  
  53  6:06  Barracks Reactor  
  53  6:11  SCV  
  54  6:20  Marine x2  
  54  6:22  Marine, Stimpack  
  54  6:23  SCV x2  
  59  6:35  Medivac x2, SCV  
  59  6:36  SCV  
  59  6:39  Marine x2  
  66  6:40  Marine  
  66  6:45  Supply Depot  
  68  6:48  Supply Depot, SCV  
  68  6:51  Marine x2  
  71  6:55  SCV  
  72  7:02  SCV  
  72  7:07  SCV  
  72  7:11  Viking x2  
  72  7:15  SCV  
  73  7:21  Marine x2  
  73  7:22  Marine x3  
  63  7:41  Marine x3  
  65  7:45  Medivac x2  
  69  7:53  Siege Tank  
  69  7:54  SCV x2  
  74  7:59  Command Center  
  74  8:03  Marine x4  
  74  8:04  Marine  
  79  8:10  SCV  
  79  8:11  SCV  
  81  8:14  Supply Depot  
  81  8:16  Supply Depot  
  81  8:22  Marine x4  
  81  8:25  Marine  
  81  8:26  SCV  
  87  8:27  SCV  
  88  8:38  SCV  
  89  8:46  Barracks  
  86  8:49  Barracks  
  71  8:58  Marine  
  71  8:59  Marine x4  
  73  9:09  Siege Tank, Medivac x2  
  77  9:16  Marine x2  
  76  9:29  Marine  
  70  9:35  Barracks Reactor x2  
  70  9:36  Marine x3  
  70  9:47  Refinery x2  
  69  9:58  Marine  
  70  10:03  Supply Depot x3  
  70  10:06  Supply Depot  
  70  10:07  Supply Depot  
  70  10:19  Command Center  
  70  10:24  Siege Tank, Marine x7, Medivac x2  
  84  10:31  Engineering Bay  
  84  10:33  Armory, Supply Depot  
  84  10:34  Supply Depot  
  82  10:44  Marine  
  82  10:45  Marine x5  
  82  10:48  Marine  
  75  11:01  Medivac x2  
  75  11:02  Marine  
  75  11:03  Marine x2  
  77  11:15  Marine  
  77  11:16  Marine  
  77  11:20  Barracks Tech Lab, Marine x3  
  80  11:28  Factory Tech Lab  
  80  11:37  Marine  
  80  11:38  Marine x4  
  85  11:54  Siege Tank  
  85  11:55  Marine x2  
  85  11:56  Marine x3  
  91  12:13  Marine x3  
  67  12:28  Marine x2  
  70  12:31  Marine  
Tags
 
Add a new tag
Caveats
  • Supply blocks, unpowered buildings, or Contaminate may cause inaccurate times.
  • Supply counts are checked every 10 seconds.